 Dungeon Crawl Stone Soup version 0.14-a0-3278-gb24e923 (webtiles) character file.

166 Psiweapon the Ruffian (level 3, -1/54 HPs)
             Began as a Troll Berserker on Mar 13, 2014.
             Was a Believer of Trog.
             Slain by a gnoll
             ... wielding a +0,+0 halberd
              (7 damage)
             ... on Level 3 of the Dungeon.
             The game lasted 00:04:32 (1676 turns).

Psiweapon the Ruffian (Troll Berserker)             Turns: 1676, Time: 00:04:32

HP  -1/54        AC  5     Str 30      XL: 3   Next: 69%
MP   2/2         EV 10     Int  3      God: Trog [**....]
Gold 110         SH  0     Dex 10      Spells:  0 memorised,  2 levels left

rFire  . . .     SeeInvis .       - Unarmed
rCold  . . .     Clarity  .     b - +0 animal skin
rNeg   . . .     Conserve .     (shield restricted)
rPois  .         rCorr    .     (helmet restricted)
rElec  .         rRot     .     (no cloak)
SustAb . .       Spirit   .     (gloves unavailable)
rMut   .         Warding  .     (boots unavailable)
Gourm  +         Stasis   .     (no amulet)
MR     ++...                    (no ring)
                                m - ring of protection from magic {unknown}

@: regenerating, berserking (expiring), very quick, very resistant to hostile
enchantments, extremely unstealthy
A: unfitting armour, claws 3, fast metabolism 3, gourmand, regeneration 2,
saprovore 2, shaggy fur 1, tough skin 2
a: Burn Spellbooks, Berserk, Trog's Hand, Renounce Religion


You were on level 3 of the Dungeon.
You worshipped Trog.
Trog was pleased with you.
You were not hungry.

You visited 1 branch of the dungeon, and saw 3 of its levels.

You collected 110 gold pieces.

Inventory:

Hand weapons
 r - a +0,+0 flail
Missiles
 e - 18 sling bullets of flame
 j - 3 bolts of frost
 k - 4 curare-tipped needles
Armour
 b - a +0 animal skin (worn)
 f - a +0 buckler
Comestibles
 a - 2 meat rations
 i - an apple
Scrolls
 d - a scroll of recharging {unknown}
 h - 2 scrolls of random uselessness {unknown}
 l - a scroll of magic mapping {unknown}
 n - a scroll of amnesia {unknown}
 q - a scroll of immolation {unknown}
Jewellery
 m - a ring of protection from magic (left claw) {unknown}
Potions
 c - 2 potions of curing {unknown}
 g - 2 potions of mutation {unknown}
 o - a potion of agility {unknown}
 p - a potion of flight {unknown}


   Skills:
 - Level 2.4 Fighting
 - Level 2.6 Dodging
 + Level 4.7 Unarmed Combat


You had 2 spell levels left.
You didn't know any spells.

Dungeon Overview and Level Annotations

Branches:
Dungeon (3/15)

Altars:


Innate Abilities, Weirdness & Mutations

You are too large for most types of armour.
You have claws for hands.
Your metabolism is lightning-fast.
You like to eat raw meat.
You heal very quickly.
You can eat rotten meat.
You are covered in fur (AC +1).
You have very tough skin (AC +2).


Message History

The gnoll is moderately wounded.
The gnoll hits you with a runed flail!
* * * LOW HITPOINT WARNING * * *
The gnoll hits you from afar with a spear.
* * * LOW HITPOINT WARNING * * *
The gnoll barely misses you.
You barely miss the gnoll.
The gnoll is almost dead.
The gnoll hits you from afar with a spear.
* * * LOW HITPOINT WARNING * * *
The gnoll closely misses you. The gnoll misses you.
Unknown command.
You hit the gnoll.
You kill the gnoll!
Trog accepts your kill. The gnoll hits you but does no damage.
You completely miss the gnoll.
The gnoll is moderately wounded.
The gnoll completely misses you. The gnoll hits you with a halberd!
You die...

##### ### #...#
#... #...#
.#?..####.<.######
.........@g........
..........)gg......
..#####...########
#..)# #...# #####


You could see 3 gnolls.

Vanquished Creatures
  2 gnolls
  A worm (D:2)
  A giant gecko (D:3)
  2 oozes
  7 goblins
  4 hobgoblins
  A quokka (D:2)
  5 bats
  3 giant newts
  2 kobolds
  4 rats
32 creatures vanquished.

Notes
Turn   | Place    | Note
--------------------------------------------------------------
     0 | D:1      | Psiweapon, the Troll Berserker, began the quest for the Orb.
     0 | D:1      | Reached XP level 1. HP: 22/22 MP: 1/1
   570 | D:1      | Reached XP level 2. HP: 23/29 MP: 1/1
   671 | D:1      | Reached skill level 4 in Unarmed Combat
  1127 | D:2      | Reached XP level 3. HP: 36/36 MP: 2/2
  1403 | D:2      | Acquired Trog's second power
  1676 | D:3      | Slain by a gnoll

Action                   || total
-------------------------++-------
Melee: Unarmed           ||    89
Invok: Berserk           ||     1
       Trog's Hand       ||     1
